 Dungeon Crawl Stone Soup version 0.21.1-1-g345015fe64 (webtiles) character file.

200 Knicklaso the Slinger (level 6, -5/41 HPs)
             Began as a Halfling Hunter on Apr 10, 2018.
             Killed from afar by a white imp (10 damage)
             ... with a puff of frost
             ... summoned by Natasha
             ... on level 3 of the Dungeon.
             The game lasted 00:08:47 (2639 turns).

Knicklaso the Slinger (Halfling Hunter)             Turns: 2639, Time: 00:08:48

Health: -5/41      AC:  4    Str: 15    XL:     6   Next: 7%
Magic:  6/6        EV: 15    Int:  9    God:
Gold:   98         SH:  0    Dex: 15    Spells: 2/5 levels left

rFire    . . .     SeeInvis .   b - +0 short sword
rCold    . . .     Gourm    .   (shield restricted)
rNeg     . . .     Faith    .   c - +0 leather armour
rPois    .         Spirit   .   (no helmet)
rElec    .         Reflect  .   (no cloak)
rCorr    .         Harm     .   e - +0 pair of gloves
MR       .....                  (no boots)
Stlth    ++........             (no amulet)
HPRegen  0.13/turn              (no ring)
MPRegen  0.10/turn              (no ring)

@: no status effects
A: small, mutation resistance 1
a: no special abilities


You were on level 3 of the Dungeon.
You were near starving.

You visited 1 branch of the dungeon, and saw 4 of its levels.

You collected 98 gold pieces.

Inventory:

Hand Weapons
 a - a +1 hunting sling
 b - a +0 short sword (weapon)
Missiles
 d - 4 sling bullets
 j - 24 poisoned needles
 m - 3 needles of confusion
Armour
 c - a +0 leather armour (worn)
 e - a +0 pair of gloves (worn)
 o - a +2 robe of cold resistance
Magical Staves
 r - an uncursed staff of power {unknown}
Jewellery
 i - an uncursed ring of poison resistance {unknown}
Scrolls
 k - 2 scrolls of enchant weapon {unknown}
 t - a scroll of random uselessness {unknown}
Potions
 h - a potion of mutation {unknown}
 l - a potion of curing {unknown}
 n - a potion of magic {unknown}
 s - a potion of heal wounds {unknown}
Books
 q - a book of the Warp

   Spells                             Type                      Level
   a - Gell's Gravitas                Translocation                3
   b - Portal Projectile              Hexes/Translocation          3
   c - Force Lance                    Conjuration/Translocation    4
   d - Dispersal                      Translocation                6
   e - Controlled Blink               Translocation                8
   f - Disjunction                    Translocation                8
Comestibles
 f - 5 rations


   Skills:
 + Level 2.9 Fighting
 * Level 8.3 Slings
 + Level 3.4 Dodging
 - Level 1.1 Stealth


You had 2 spell levels left.
You knew the following spells:

 Your Spells              Type           Power        Failure   Level  Hunger
a - Portal Projectile     Hex/Tloc       #.....       83%         3    ####...


Dungeon Overview and Level Annotations

Branches:
Dungeon (4/15)
 Temple: D:4-7

Altars:

Annotations:
D:2 Sigmund
D:3 Natasha; htuhola's ghost, amateur MiCK


Innate Abilities, Weirdness & Mutations

You are small and have problems with some larger weapons.
You are somewhat resistant to further mutation.


Message History

The white imp misses you. Natasha barely misses you.
The white imp closely misses you.
You hit Natasha but do no damage.
Natasha is severely wounded.
The white imp hits you. The white imp freezes you. Natasha claws you.
* * * LOW HITPOINT WARNING * * *
The white imp barely misses you.
You barely miss Natasha.
Natasha is severely wounded.
Natasha completely misses you. The white imp gestures at you.
The puff of frost misses you. The white imp hits you.
* * * LOW HITPOINT WARNING * * *
The white imp freezes you.
* * * LOW HITPOINT WARNING * * *
Natasha mumbles some strange words.
The white imp closely misses you. The white imp gestures at you.
The puff of frost hits you!
You die...

.# ## ##.
## .. .#
# #. .#
.#
#.##.##<#
.......#
#.....#
#...$.#
#5@...#
#.5h5...#
#.####.##
# ..# .#
.# #


You could see Natasha, a crimson imp and 2 white imps.

Vanquished Creatures
  An orc wizard (D:4)
  Natasha (twice) (D:2)
  4 adders
  2 worms (D:2)
  A dart slug (D:1)
  6 leopard geckos
  A ball python (D:1)
  4 giant cockroaches
  6 goblins
  7 hobgoblins
  10 jackals
  6 kobolds
  2 quokkas (D:2)
  7 bats
  7 frilled lizards
  6 rats
72 creatures vanquished.

Notes
Turn   | Place    | Note
-------+----------+-------------------------------------------
     0 | D:1      | Knicklaso the Halfling Hunter began the quest for the Orb.
     0 | D:1      | Reached XP level 1. HP: 14/14 MP: 1/1
    23 | D:1      | Reached skill level 6 in Slings
    53 | D:1      | Reached XP level 2. HP: 19/19 MP: 2/2
   196 | D:1      | Reached XP level 3. HP: 24/24 MP: 3/3
   415 | D:1      | Reached skill level 7 in Slings
   696 | D:2      | Reached XP level 4. HP: 29/29 MP: 4/4
   846 | D:2      | Learned a level 3 spell: Portal Projectile
  1059 | D:2      | Noticed Natasha
  1066 | D:2      | Killed Natasha
  1066 | D:2      | Reached XP level 5. HP: 29/35 MP: 5/5
  1138 | D:2      | Noticed Sigmund
  1456 | D:2      | Noticed Natasha
  1473 | D:2      | Killed Natasha
  1816 | D:2      | Reached skill level 8 in Slings
  2242 | D:3      | Noticed htuhola's ghost (amateur MiCK)
  2408 | D:4      | Reached XP level 6. HP: 7/41 MP: 6/6
  2632 | D:3      | Noticed Natasha
  2639 | D:3      | Killed from afar by a white imp

Skill      XL: |  1  2  3  4  5 |
---------------+----------------+-----
Slings         | 6 7 8 |  8.3
Fighting       | 2 |  2.9
Dodging        | 3 |  3.4
Stealth        | |  1.1

Action                   |  1- 3 |  4- 6 || total
-------------------------+-------+-------++-------
Melee: Short sword       |       |    18 ||    18
 Fire: Hunting sling     |    94 |   133 ||   227
Evoke: Wand              |       |     3 ||     3
  Eat: Ration            |       |     1 ||     1
Armor: Leather armour    |     3 |    10 ||    13
Dodge: Dodged            |     9 |    72 ||    81
